 Dungeon Crawl Stone Soup version 0.26-b1-32-g5d43845318 (webtiles) character file.

Game seed: 9309162192992244690

6909 theswoord the Fighter (level 10, -5/84 HPs)
             Began as a Demonspawn Transmuter on Jan 12, 2021.
             Was a Follower of Qazlal.
             Splashed by an oklob plant's acid (13 damage)
             ... on level 2 of the Lair of Beasts.
             The game lasted 00:24:33 (15226 turns).

theswoord the Fighter (Demonspawn Transmuter)      Turns: 15226, Time: 00:24:33

Health: -5/84      AC:  1    Str: 13    XL:     10   Next: 79%
Magic:  13/13      EV: 11    Int: 17    God:    Qazlal [*.....]
Gold:   1128       SH: 13    Dex: 20    Spells: 10/13 levels left

rFire    + . .     SeeInvis .     - Unarmed
rCold    . . .     Faith    .   (no shield)
rNeg     . . .     Spirit   .   i - +0 ring mail
rPois    .         Reflect  +   b - +0 helmet
rElec    .         Harm     .   w - scarf {shadows}
rCorr    .         Rampage  .   f - +2 pair of gloves
Will     .....     Clarity  +   (no boots)
Stlth    ++........             h - amulet of reflection
HPRegen  0.24/turn              x - +6 ring of dexterity
MPRegen  0.13/turn              l - ring of stealth

@: corroded
A: hooves 1, large bone plates 2, clarity, clever 1, demonic guardian 1, fire
resistance 1, ignite blood, flame cloud immunity
a: Renounce Religion


You were on level 2 of the Lair of Beasts.
You worshipped Qazlal.
Qazlal was aware of your devotion.
You visited 3 branches of the dungeon, and saw 12 of its levels.
You also visited: Sewer.

You collected 1128 gold pieces.

Inventory:

Armour
 a - a +0 robe
 b - a +0 helmet (worn)
 f - a +2 pair of gloves (worn)
 i - a +0 ring mail (worn)
 t - a +1 leather armour of fire resistance
 w - a scarf of shadows (worn)
Jewellery
 h - an amulet of reflection (around neck)
 l - a ring of stealth (right hand)
 x - a +6 ring of dexterity (left hand)
Scrolls
 g - 3 scrolls of amnesia
 k - 4 scrolls of teleportation
 n - 8 scrolls of remove curse
 o - a scroll of magic mapping
 p - 3 scrolls of identify
 v - a scroll of enchant weapon
Potions
 c - 5 potions of curing
 d - a potion of cancellation
 e - a potion of might
 j - a potion of magic
 m - 3 potions of lignification
 q - a potion of ambrosia
 r - a potion of attraction
 u - 2 potions of brilliance


   Skills:
 + Level 9.7 Fighting
 - Level 1.7 Dodging
 + Level 9.3 Unarmed Combat
 - Level 2.0 Spellcasting
 + Level 9.0 Transmutations


You had 10 spell levels left.
You knew the following spells:

 Your Spells              Type           Power        Failure   Level
a - Beastly Appendage     Tmut           32%          1%          1
b - Wereblood             Tmut           16%          1%          2

Your spell library contained the following spells:

 Spells                   Type           Power        Failure   Level
 Spider Form              Tmut/Pois      4%           21%         3
 Blade Hands              Tmut           8%           28%         5
 Foxfire                  Conj/Fire      0%           38%         1
 Ice Form                 Ice/Tmut       8%           54%         4
 Conjure Flame            Conj/Fire      0%           77%         3
 Inner Flame              Hex/Fire       0%           77%         3
 Sticky Flame             Conj/Fire      0%           99%         4
 Fireball                 Conj/Fire      0%           100%        5


Dungeon Overview and Level Annotations

Branches:
Dungeon (9/15)             Temple (1/1) D:7            Lair (2/6) D:8
  Sewer (visited)
  Swamp: Lair:2-4    Shoals: Lair:2-4     Snake: Lair:2-4    Spider: Lair:2-4
    Orc: D:9-12

Altars:
Ashenzari
Cheibriados
Dithmenos
Elyvilon
Fedhas
Gozag
Hepliaklqana
Kikubaaqudgha
Makhleb
Nemelex Xobeh
Okawaru
Qazlal
Ru
Sif Muna
Trog
Uskayaw
Vehumet
Wu Jian
Xom
Yredelemnul
Zin
The Shining One

Shops:
D:8 :

Annotations:
Lair:1 exclusion: 4 oklob plants
Lair:2 exclusion: oklob plant


Innate Abilities, Weirdness & Mutations

You are mostly covered in large bone plates. (SH +6)
A weak demonic guardian rushes to your aid.
Your flesh is heat resistant. (rF+)
Your demonic aura causes spilled blood to erupt in flames.
You are immune to clouds of flame.
You have large cloven feet.
You possess an exceptional clarity of mind.
Your mind is acute. (Int +2)


Message History

The oklob plant is lightly damaged.
The oklob plant spits acid at you. The splash of acid hits you!
You are splashed with acid!
* * * LOW HITPOINT WARNING * * *
You hit the oklob plant.
You kick the oklob plant, but do no damage.
The oklob plant is moderately damaged.
The oklob plant spits acid at you. The splash of acid hits you!
* * * LOW HITPOINT WARNING * * *
You are splashed with acid!
* * * LOW HITPOINT WARNING * * *
Your magical contamination has completely faded away.
Your iron imp hits the oklob plant.
You see here 3 gold pieces.
The oklob plant spits acid at you. The splash of acid hits you!
* * * LOW HITPOINT WARNING * * *
The acid corrodes you!
You are splashed with acid!
You die...

#......#.....#.
.#.
#...........P..
.#
#.....##.....P.
#.....##....P..
#.....##....##.
#......#.......
#######.....##.
########.#.###
#():@.#...##
#5.$##.#......
#P5.####...###
##### ....# ##
....# ... ###
.......#
....##.+
..#####
∩......#
#.....### #.'
........# ###


You could see an oklob plant, a friendly iron imp (summoned, corroded) and a
friendly white imp (summoned).

Vanquished Creatures
  2 cane toads
  A rime drake (Lair:1)
  2 komodo dragons (Lair:1)
  An ice devil (Lair:2)
  4 yaks (Lair:1)
  A basilisk (Lair:1)
  Edmund (D:5)
  3 water moccasins
  4 sky beasts
  3 black bears
  2 orc warriors (D:8)
  An ice beast (D:6)
  A phantom (D:4)
  3 ogres
  11 wolves
  A centaur (D:5)
  3 big kobolds (Sewer)
  7 bullfrogs
  A wyvern skeleton (D:7)
  3 scorpions
  A bullfrog zombie (D:5)
  A centaur zombie (D:5)
  A jelly (D:5)
  4 orc priests
  A centaur skeleton (D:6)
  3 hounds
  A bullfrog skeleton (D:8)
  6 iguanas
  8 orc wizards
  6 worker ants
  A killer bee zombie (D:9)
  A hound zombie (D:7)
  A howler monkey zombie (D:5)
  A gnoll (D:1)
  15 adders
  2 river rats (Sewer)
  A shadow imp (D:7)
  An ufetubus (D:9)
  3 oozes (Sewer)
  An adder zombie (D:8)
  5 worms
  A dart slug (D:2)
  3 leopard geckos
  14 orcs
  3 bats
  7 giant cockroaches
  7 goblins
  3 hobgoblins
  16 jackals
  2 quokkas (D:3)
  4 ball pythons
  4 frilled lizards
  7 kobolds
  A leopard gecko skeleton (D:5)
  12 rats
203 creatures vanquished.

Vanquished Creatures (collateral kills)
  A sky beast (D:8)
  An ogre (D:3)
  A centaur (D:5)
  2 bullfrogs (D:8)
  A scorpion (D:4)
  An orc wizard (D:7)
  A hound skeleton (D:4)
  A white imp (D:8)
  A worm (Sewer)
  2 leopard geckos
12 creatures vanquished.

Vanquished Creatures (others)
  8 fungi
  23 plants
  4 withered plants (D:5)
35 creatures vanquished.

Grand Total: 250 creatures vanquished

Notes
Turn   | Place    | Note
-------+----------+-------------------------------------------
     0 | D:1      | theswoord the Demonspawn Transmuter began the quest for the
                  | Orb.
     0 | D:1      | Reached XP level 1. HP: 15/15 MP: 3/3
    53 | D:1      | Gained mutation: A weak demonic guardian rushes to your
                  | aid. [demonic ancestry]
    53 | D:1      | Reached XP level 2. HP: 3/21 MP: 3/5
  1387 | D:2      | Reached XP level 3. HP: 27/27 MP: 4/6
  1961 | D:2      | Found a sparkling altar of Nemelex Xobeh.
  2319 | D:3      | Noticed an ogre
  2326 | D:3      | Killed an ogre
  2327 | D:3      | Gained mutation: Your flesh is heat resistant. (rF+)
                  | [demonic ancestry]
  2327 | D:3      | Reached XP level 4. HP: 24/34 MP: 3/7
  2833 | D:3      | Found a faded altar of an unknown god.
  2940 | D:3      | Gained mutation: You are partially covered in large bone
                  | plates. (SH +4) [demonic ancestry]
  2940 | D:3      | Reached XP level 5. HP: 38/40 MP: 6/8
  3001 | D:3      | Found a hazy altar of Hepliaklqana.
  3630 | D:4      | Noticed a sky beast
  3631 | D:4      | Noticed a phantom
  3680 | D:4      | Killed a sky beast
  3681 | D:4      | Reached XP level 6. HP: 30/47 MP: 9/9
  3710 | D:4      | Found a shimmering altar of Xom.
  3723 | D:4      | Found a glowing drain.
  3753 | Sewer    | Entered a sewer
  4036 | Sewer    | Gained mutation: You are immune to clouds of flame.
                  | [demonic ancestry]
  4036 | Sewer    | Reached XP level 7. HP: 33/54 MP: 7/10
  4999 | D:4      | Reached skill level 5 in Unarmed Combat
  5088 | D:4      | Found a white marble altar of Elyvilon.
  5635 | D:5      | Entered Level 5 of the Dungeon
  5844 | D:4      | Reached skill level 5 in Fighting
  6070 | D:5      | Found an ancient bone altar of Kikubaaqudgha.
  6422 | D:5      | Reached skill level 5 in Transmutations
  6456 | D:5      | Noticed Edmund
  6480 | D:5      | Killed Edmund
  6481 | D:5      | Gained mutation: You are mostly covered in large bone
                  | plates. (SH +6) [demonic ancestry]
  6481 | D:5      | Reached XP level 8. HP: 27/63 MP: 11/11
  7308 | D:6      | Found a stormy altar of Qazlal.
  7962 | D:6      | You fall into a shaft and drop 1 floor!
  8869 | D:6      | Found a glowing golden altar of the Shining One.
  9601 | D:7      | Found a staircase to the Ecumenical Temple.
  9632 | Temple   | Entered the Ecumenical Temple
 10537 | D:6      | Gained mutation: You have large cloven feet. [potion of
                  | mutation]
 10537 | D:6      | Gained mutation: Your mind is acute. (Int +2) [potion of
                  | mutation]
 10537 | D:6      | Gained mutation: You possess an exceptional clarity of
                  | mind. [potion of mutation]
 10609 | D:8      | Gained mutation: Your demonic aura causes spilled blood to
                  | erupt in flames. [demonic ancestry]
 10609 | D:8      | Reached XP level 9. HP: 63/71 MP: 10/12
 10752 | D:6      | Became a worshipper of Qazlal Stormbringer
 10874 | D:8      | Found a staircase to the Lair.
 12264 | D:8      | Found Gijouped's Book Shop.
 12332 | D:9      | Learned a level 2 spell: Wereblood
 12813 | D:9      | Found a bloodstained altar of Trog.
 13098 | Lair:1   | Entered Level 1 of the Lair of Beasts
 13109 | Lair:1   | Reached * piety under Qazlal
 13204 | Lair:1   | Reached XP level 10. HP: 70/82 MP: 13/13
 13382 | Lair:1   | Noticed a cane toad
 13393 | Lair:1   | Killed a cane toad
 13753 | Lair:1   | Noticed an oklob plant
 13840 | Lair:1   | Noticed an oklob plant
 13840 | Lair:1   | Noticed an oklob plant
 13840 | Lair:1   | Noticed an oklob plant
 14625 | Lair:2   | Identified a scroll of acquirement
 14626 | Lair:2   | Acquired 567 gold pieces
 14687 | Lair:2   | Noticed a cane toad
 14694 | Lair:2   | Killed a cane toad
 14851 | Lair:2   | Found a frozen archway.
 15208 | Lair:2   | Noticed an oklob plant
 15226 | Lair:2   | Splashed by an oklob plant's acid

Skill      XL: |  1  2  3  4  5  6  7  8  9 10 |
---------------+-------------------------------+-----
Transmutations | 2 3 4 5 6 7 9 |  9.0
Unarmed Combat | 3 4 5 6 8 9 |  9.3
Fighting       | 2 3 4 5 6 8 9 |  9.7
Dodging        | |  1.7
Spellcasting   | |  2.0

Action                   |  1- 3 |  4- 6 |  7- 9 | 10-12 || total
-------------------------+-------+-------+-------+-------++-------
Melee: Unarmed           |   106 |   193 |   520 |    99 ||   918
       Headbutt          |     5 |    13 |    73 |    11 ||   102
       Kick              |     4 |    19 |   128 |    42 ||   193
       Punch             |       |     3 |    14 |     7 ||    24
 Cast: Beastly Appendage |    13 |    23 |    59 |     3 ||    98
       Wereblood         |       |       |     3 |     1 ||     4
  Use: Scroll            |       |     9 |    11 |     3 ||    23
       Potion            |       |     1 |     8 |     4 ||    13
 Stab: Sleeping          |     1 |       |       |       ||     1
       Distracted        |       |       |     2 |     2 ||     4
Armor: Robe              |    11 |       |       |       ||    11
       Ring mail         |    15 |    68 |   181 |    21 ||   285
Dodge: Dodged            |    70 |    90 |   234 |    23 ||   417
Block: Other             |       |    26 |   103 |    63 ||   192
       Reflection        |       |       |       |     1 ||     1

Levels and vault maps discovered:
D:1:      ncdulo_halloftheorcs, layout_basic, chequers_decorated_corner,
          hangedman_decor_growths
D:2:      layout_loops_corners, nemelex_xobeh_ov_fountains_minmay,
          kennysheep_generic_room_15
D:3:      layout_basic, lemuel_coloured_pillars_altar,
          chequers_ecumenical_altar_grove
D:4:      layout_basic, lemuel_doored_altar, elyvilon_altar_3,
          portal_sewer_entry_b
D:5:      layout_rooms, kiku_gazebo_garden_becter, uniq_edmund
D:6:      layout_basic, tso_altar, nicolae_qazlal_general_emergency
D:7:      layout_layer_cave, minmay_temple_entry_nine_rooms
D:8:      layout_cave_pools, grunt_lair_entry_orc_guard_hut, serial_shops, shop
D:9:      layout_basic, basic_altar
Temple:   regret_index_temple_generic_petals
Lair:1:   layout_layer_cave, chequers_serial_rivers_micro_b, st_stairs_11,
          serial_bayou_pond_d, minmay_lair_oklob_chamber, grunt_megastairs_5,
          lemuel_fruit_tree
Lair:2:   layout_regular_city, portal_ice_cave_demonic_guard,
          minmay_lair_oklob_items
